Map: Nightshade LE

Players

SpeakNoEvil - Winner!

  • Race: Protoss Protoss
  • Spawn Location: 5:00

Osiris

  • Race: Terran Terran
  • League: Diamond
  • Spawn Location: 11:00

VOD

Have the link to the VOD?

Description

Time

  • Played on: May 21, 2020, 12:48 p.m.
  • Length: 10:14
Show
View Real Time Build Order
Export as new Build Order

SpeakNoEvil Protoss - Winner!

Build Orders: 1 Gate Expand, Blink Stalkers 

Get SALT Encoding   

  12  0:00  Probe  
  13  0:12  Probe  
  14  0:19  Pylon  
  14  0:24  Probe (Chrono Boost)  
  15  0:38  Probe (Chrono Boost)  
  15  0:39  Gateway  
  16  0:45  Probe (Chrono Boost)  
  16  0:47  Assimilator  
  17  0:53  Probe  
  18  1:05  Probe  
  19  1:17  Probe  
  20  1:26  Cybernetics Core  
  20  1:33  Nexus  
  20  1:39  Pylon  
  20  1:42  Probe  
  21  1:47  Assimilator  
  21  1:54  Probe  
  21  1:59  Adept (Chrono Boost)  
  22  2:03  Warp Gate  
  22  2:06  Probe  
  25  2:18  Probe  
  25  2:22  Stalker  
  28  2:30  Twilight Council  
  28  2:34  Probe  
  29  2:47  Probe (Chrono Boost)  
  31  2:52  Probe (Chrono Boost)  
  31  2:57  Probe (Chrono Boost), Gateway  
  32  3:01  Blink (Chrono Boost)  
  32  3:03  Probe x2 (Chrono Boost)  
  34  3:10  Probe  
  35  3:18  Robotics Facility  
  35  3:22  Probe  
  35  3:24  Probe  
  37  3:34  Probe  
  37  3:36  Probe  
  37  3:38  Gateway  
  37  3:39  Gateway  
  39  3:46  Probe  
  40  3:48  Probe  
  40  3:49  Pylon  
  41  4:02  Probe x2  
  41  4:05  Observer  
  41  4:06  Assimilator, Stalker x2  
  46  4:14  Probe  
  47  4:19  Pylon  
  47  4:20  Probe  
  47  4:23  Pylon  
  48  4:26  Warp Prism  
  50  4:42  Probe x2  
  50  4:45  Observer  
  52  4:52  Observer  
  52  4:53  Stalker x4  
  52  4:58  Probe  
  61  5:01  Pylon  
  61  5:18  Pylon  
  61  5:23  Stalker x3  
  61  5:24  Stalker  
  67  5:40  Pylon  
  63  5:47  Stalker x4  
  71  5:50  Nexus  
  71  5:53  Pylon  
  71  5:55  Probe x2  
  73  5:57  Forge  
  73  6:02  Robotics Bay  
  71  6:12  Stalker x4  
  79  6:20  Observer  
  79  6:30  Probe x2  
  81  6:37  Stalker x3  
  81  6:38  Stalker  
  89  6:42  Probe x2  
  90  6:54  Probe x2  
  90  7:00  Colossus  
  98  7:02  Probe  
  98  7:03  Protoss Ground Weapons Level 1 (Chrono Boost)  
  98  7:06  Probe x2  
  101  7:09  Pylon  
  85  7:24  Stalker x3  
  85  7:28  Probe  
  88  7:32  Probe x2  
  90  7:40  Probe  
  90  7:43  Pylon  
  91  7:44  Probe x2, Pylon  
  91  7:48  Zealot x4  
  101  7:52  Assimilator  
  101  7:54  Assimilator  
  101  7:56  Probe  
  101  7:57  Immortal  
  106  7:58  Extended Thermal Lance  
  106  7:59  Pylon  
  106  8:00  Pylon  
  106  8:04  Probe  
  99  8:23  Probe  
  100  8:28  Probe  
  100  8:29  Charge (Chrono Boost)  
  100  8:32  Colossus (Chrono Boost)  
  101  8:36  Gateway  
  101  8:37  Gateway  
  101  8:39  Gateway  
  101  8:40  Assimilator  
  107  8:44  Pylon  
  107  8:45  Zealot x4  
  115  8:59  Nexus  
  115  9:01  Pylon  
  115  9:02  Probe  
  116  9:07  Zealot x4  
  124  9:13  Gateway  
  124  9:15  Gateway  
  124  9:28  Sentry x2  
  124  9:29  Zealot x2  
  132  9:42  Zealot x3  
  138  9:57  Zealot x2  
Show
View Real Time Build Order
Export as new Build Order

Osiris Terran 

Build Orders: Reaper Expand 

Get SALT Encoding   

  12  0:00  SCV  
  13  0:13  SCV  
  14  0:17  Supply Depot  
  14  0:25  SCV  
  15  0:39  SCV  
  15  0:41  Barracks  
  16  0:43  Refinery  
  16  0:51  SCV  
  17  1:03  SCV  
  18  1:15  SCV  
  19  1:27  Reaper  
  19  1:28  Orbital Command  
  20  1:43  Command Center  
  20  1:51  Supply Depot  
  20  1:53  SCV  
  21  1:59  Marine  
  22  2:05  SCV  
  23  2:11  Factory  
  23  2:17  SCV  
  23  2:19  Refinery  
  23  2:20  Barracks Reactor  
  24  2:29  SCV  
  25  2:42  SCV  
  26  2:55  SCV, Orbital Command  
  26  2:57  Marine x2, Widow Mine  
  31  3:03  Starport  
  31  3:07  SCV  
  32  3:19  Widow Mine, SCV  
  35  3:21  SCV  
  35  3:23  Marine  
  35  3:24  Marine  
  37  3:32  SCV  
  37  3:33  Supply Depot  
  37  3:34  SCV  
  39  3:39  Medivac  
  43  3:41  Factory Tech Lab  
  43  3:42  Marine x2  
  43  3:44  SCV  
  43  3:48  Bunker  
  44  3:51  SCV  
  45  3:57  SCV  
  45  4:01  Marine x2  
  45  4:02  Siege Tank  
  51  4:03  SCV  
  51  4:09  SCV  
  53  4:15  SCV  
  54  4:17  Supply Depot  
  54  4:19  Viking  
  54  4:21  Marine x2  
  58  4:27  Engineering Bay, SCV  
  58  4:28  Refinery  
  59  4:34  Widow Mine  
  59  4:36  SCV  
  62  4:41  Marine x2  
  62  4:44  SCV  
  62  4:45  Barracks  
  65  4:46  Barracks  
  65  4:50  SCV  
  66  4:56  Siege Tank, Starport Tech Lab  
  66  4:59  SCV  
  70  5:02  Supply Depot, Terran Infantry Weapons Level 1  
  70  5:07  Supply Depot  
  70  5:08  Marine, SCV  
  70  5:11  SCV  
  70  5:12  Marine  
  74  5:20  SCV  
  75  5:26  SCV  
  76  5:29  Marine  
  76  5:31  Starport Reactor  
  76  5:32  SCV  
  78  5:37  Factory Tech Lab  
  72  5:45  Marine  
  72  5:46  Marauder, Marine, Combat Shield  
  72  5:47  Stimpack  
  76  5:54  Bunker  
  74  6:04  Marauder  
  74  6:10  Marauder  
  66  6:17  Siege Tank, Medivac  
  66  6:18  Marine x2  
  60  6:20  Orbital Command  
  60  6:21  SCV  
  60  6:25  Marauder  
  58  6:33  SCV  
  58  6:39  Marine  
  61  6:40  Marauder, Marine  
  61  6:45  SCV  
  63  6:55  Orbital Command  
  63  6:59  Marine, SCV  
  63  7:00  Marauder, Marine, Siege Tank  
  63  7:01  Marine  
  70  7:20  SCV  
  66  7:23  Marauder x2, Marine x2  
  66  7:24  Medivac  
  66  7:29  SCV  
  74  7:32  SCV  
  75  7:39  Siege Tank  
  75  7:41  Marine, SCV  
  80  7:44  SCV  
  80  7:49  Marauder, Marine x2  
  85  7:53  SCV  
  85  7:55  Medivac  
  88  8:06  Medivac, SCV  
  88  8:07  SCV  
  88  8:10  Refinery  
  90  8:26  Marauder  
  90  8:27  Marauder  
  94  8:36  Missile Turret x2  
  94  8:39  Missile Turret  
  94  8:40  Missile Turret  
  94  8:41  Command Center, Missile Turret  
  94  8:51  Marine x2, Medivac  
  94  8:52  Supply Depot x2  
  98  9:03  Marauder  
  98  9:04  Marauder  
  102  9:13  Siege Tank  
  102  9:16  Marine x2  
  107  9:21  Medivac  
  109  9:28  Marauder x2  
  113  9:36  Marine  
  113  9:37  Marine  
Tags
 
Add a new tag
Caveats
  • Supply blocks, unpowered buildings, or Contaminate may cause inaccurate times.
  • Supply counts are checked every 10 seconds.